 Dungeon Crawl Stone Soup version 0.31.0-12-g77e489cdc1 (webtiles) character file.

Game seed: 3794707973244370929

513 Peloso the Slasher (level 7, -2/61 HPs)
             Began as a Minotaur Fighter on Feb 16, 2024.
             Was a Follower of Okawaru.
             Slain by an ogre
             ... wielding a +0 giant club
              (23 damage)
             ... on level 5 of the Dungeon.
             The game lasted 00:05:35 (4021 turns).

Peloso the Slasher (Minotaur Fighter)               Turns: 4021, Time: 00:05:36

Health: -2/61      AC:  7    Str: 20    XL:     7   Next: 0%
Magic:  6/6        EV: 10    Int:  5    God:    Okawaru [*.....]
Gold:   288        SH: 11    Dex: 18    Spells: 6/6 levels left

rFire   . . .        a - +1 long sword
rCold   . . .        c - +0 buckler
rNeg    . . .        b - +0 scale mail
rPois   .            (helmet restricted)
rElec   .            (no cloak)
rCorr   .            (no gloves)
SInv    .            (no boots)
Will    .....        g - amulet of reflection Stlth
                     i - +6 ring of dexterity
HPRegen 0.30/turn    (no ring)
MPRegen 0.10/turn

%: reflection
@: no status effects
A: horns 2, retaliatory headbutt
a: Renounce Religion, Heroism


You were on level 5 of the Dungeon.
You worshipped Okawaru.
Okawaru was aware of your devotion.
You visited 2 branches of the dungeon, and saw 6 of its levels.

You collected 288 gold pieces.

Inventory:

Hand Weapons
 a - a +1 long sword (weapon)
Missiles
 k - a throwing net (quivered)
Armour
 b - a +0 scale mail (worn)
 c - a +0 buckler (worn)
Jewellery
 e - an amulet of magic regeneration
 g - an amulet of reflection (around neck)
 i - a +6 ring of dexterity (left hand)
Wands
 o - a wand of flame (19)
Scrolls
 l - a scroll of blinking
 n - 3 scrolls of teleportation
 p - 5 scrolls of identify
 r - a scroll of brand weapon {unknown}
 s - a scroll of fog {unknown}
Potions
 d - 2 potions of might
 f - a potion of resistance
 h - 2 potions of enlightenment
 j - 2 potions of magic
 m - 3 potions of berserk rage
 q - 2 potions of haste
 t - a potion of ambrosia
 u - a potion of heal wounds {unknown}
 v - a potion of curing {unknown}


   Skills:
 + Level 5.1 Fighting
 + Level 6.2 Long Blades
 + Level 5.2 Armour
 + Level 2.1 Dodging
 + Level 0.2 Stealth
 + Level 4.7 Shields


You had 6 spell levels left.
You didn't know any spells.
Your spell library contained the following spells:

 Spells                   Type           Power      Damage    Failure   Level
 Sublimation of Blood     Necr           0%         N/A       95%         2
 Petrify                  Alch/Erth      0%         N/A       100%        4
 Irradiate                Conj/Alch      0%         3d11      100%        5


Dungeon Overview and Level Annotations

Branches:
Dungeon (5/15)             Temple (1/1) D:4

Altars:
Ashenzari
Cheibriados
Dithmenos
Elyvilon
Fedhas
Hepliaklqana
Kikubaaqudgha
Nemelex Xobeh
Okawaru
Qazlal
Ru
Trog
Uskayaw
Vehumet
Wu Jian
Xom
Yredelemnul


Innate Abilities, Weirdness & Mutations

You have a pair of horns on your head.
You reflexively headbutt those who attack you in melee.


Message History

You slash the iguana!
The iguana is severely wounded.
You block the iguana's attack.
You barely miss the iguana.
The iguana is severely wounded.
The iguana bites you!
You closely miss the iguana.
You headbutt the iguana, but do no damage.
The iguana is severely wounded.
The iguana barely misses you.
You barely miss the iguana.
The iguana is severely wounded.
The iguana bites you.
The iguana bites you but does no damage.
You hit the iguana.
You kill the iguana!
Okawaru accepts your kill.
You have reached level 7!
An ogre comes into view. It is wielding a +0 giant club.
The ogre moves out of view.
An ogre is nearby!
The ogre barely misses you.
You barely miss the ogre. You headbutt the ogre.
The ogre is lightly wounded.
You hit the ogre.
The ogre is lightly wounded.
You block the ogre's attack.
You hit the ogre. Your headbutt misses the ogre.
The ogre is moderately wounded.
The ogre hits you with a +0 giant club!!
You slash the ogre!
The ogre is severely wounded.
The ogre hits you with a +0 giant club!
You barely miss the ogre.
You headbutt the ogre, but do no damage.
The ogre is severely wounded.
You hit the ogre.
The ogre is almost dead.
The ogre hits you with a +0 giant club!!
You die...

##...####
#.......### .
#..#####...# #.
##..# #..## #..
##..# ##..#
#..#..### #..##
#......#####.##
#............# ###
##..O@..####.#####.#
#...#####
##.......## .....
#.###.#...# #... ###
###.### #.. #.## ##
###


You could see an ogre.

Vanquished Creatures
  An ogre (D:4)
  2 scorpions
  2 jellies (D:5)
  An iguana (D:5)
  An orc wizard (D:4)
  5 adders
  3 gnolls (D:2)
  2 ribbon worms (D:2)
  5 dart slugs
  9 orcs
  4 endoplasms
  5 giant cockroaches
  8 goblins
  7 hobgoblins
  7 jackals
  5 kobolds
  2 quokkas
  4 ball pythons
  9 bats
  A frilled lizard (D:1)
  2 rats
85 creatures vanquished.

Vanquished Creatures (others)
  A bombardier beetle (D:5)
1 creature vanquished.

Grand Total: 86 creatures vanquished

Notes
Turn   | Place    | Note
-------+----------+-------------------------------------------
     0 | D:1      | Peloso the Minotaur Fighter began the quest for the Orb.
     0 | D:1      | Reached XP level 1. HP: 19/19 MP: 0/0
    96 | D:1      | Reached XP level 2. HP: 15/27 MP: 1/1
   598 | D:1      | Reached skill level 3 in Long Blades
   952 | D:2      | Reached XP level 3. HP: 25/33 MP: 2/2
  1025 | D:2      | Reached skill level 1 in Dodging
  1247 | D:2      | Reached XP level 4. HP: 40/41 MP: 3/3
  1493 | D:2      | Found a faded altar of an unknown god.
  2090 | D:3      | Reached skill level 4 in Long Blades
  2676 | D:4      | Found a staircase to the Ecumenical Temple.
  2755 | Temple   | Entered the Ecumenical Temple
  2828 | Temple   | Became a worshipper of Warmaster Okawaru
  3048 | D:4      | Reached XP level 5. HP: 38/47 MP: 4/4
  3166 | D:4      | Found a blossoming altar of Fedhas.
  3319 | D:4      | Noticed an ogre
  3333 | D:4      | Killed an ogre
  3333 | D:4      | Reached * piety under Okawaru
  3334 | D:4      | Reached skill level 5 in Long Blades
  3334 | D:4      | Reached skill level 5 in Armour
  3334 | D:4      | Reached XP level 6. HP: 21/53 MP: 5/5
  3710 | D:5      | Entered Level 5 of the Dungeon
  3794 | D:5      | Reached skill level 5 in Fighting
  3794 | D:5      | Reached skill level 6 in Long Blades
  3924 | D:5      | Reached XP level 7. HP: 48/61 MP: 6/6
  4021 | D:5      | Slain by an ogre

Illustrated notes

Levels and vault maps discovered:
D:1:      minmay_arrival_cross, layout_basic
D:2:      layout_basic, shapermc_ecumenical_altar_hornbeckon,
          chequers_mini_garden, chequers_serial_rivers_small_a
D:3:      layout_basic
D:4:      layout_rooms, fedhas_altar_1, minmay_temple_entry_fiery,
          nicolae_concentric_dashed_squares_mild,
          serial_library_hellmonk_angled_corner, minmay_stone_trees_large
D:5:      layout_layer_cave
Temple:   minmay_temple_bridge_d

Skill      XL: |  1  2  3  4  5  6 |
---------------+-------------------+-----
Armour         | 4 5 |  5.2
Fighting       | 4 5 |  5.1
Long Blades    | 3 4 5 6 |  6.2
Dodging        | 1 2 |  2.1
Shields        | 4 |  4.7
Stealth        | |  0.2

Action                     |  1- 3 |  4- 6 |  7- 9 || total
---------------------------+-------+-------+-------++-------
  Melee: Long sword        |    88 |   118 |     6 ||   212
         Headbutt          |     8 |    22 |     2 ||    32
    Use: Potion            |     4 |       |       ||     4
         Scroll            |     1 |     5 |       ||     6
 Armour: Scale mail        |    70 |    61 |     3 ||   134
  Dodge: Dodged            |    53 |    53 |     1 ||   107
  Block: Buckler           |    28 |    52 |     1 ||    81
         Reflection        |       |     1 |       ||     1
